BlackHawks vs RedWings

Created - November 5 2010 at 17:53

Goals
1 2 3 T
BlackHawks 1 0 0 1
RedWings 2 0 1 3
Shots
1 2 3 T
BlackHawks 4 4 2 10
RedWings 8 8 10 26

Period #1

1. RedWings , Zach Parise 8 (Ryan Getzlaf, Mike Cammalleri) at 2:46
2. RedWings , Travis Zajac 8 (Zach Parise) at 5:17 (PP)
3. BlackHawks , Tim Gleason 3 (Patrick Kane, Patrick Sharp) at 13:40 (PP)

Penalties :
John Erskine (CHI) for Slashing (Minor) at 4:05, Adam Foote (CHI) for Slashing (Minor) at 8:49, Josh Bailey (CHI) for Interference (Minor) at 10:18, Nate Thompson (DET) for Holding (Minor) at 12:34

Period #2

No Goal

Penalties :
Ryan Getzlaf (DET) for Fighting (Major) at 7:07, Zenon Konopka (CHI) for Fighting (Major) at 7:07, John Erskine (CHI) for Tripping (Minor) at 7:41, Adam Foote (CHI) for Interference (Minor) at 11:39, John Erskine (CHI) for Hooking (Minor) at 11:48, Tim Gleason (CHI) for Roughing (Minor) at 14:33

Period #3

4. RedWings , Ryan Getzlaf 7 (Brian Campbell) at 1:34 (PP)

Penalties :
Tim Gleason (CHI) for Tripping (Minor) at 1:32, Tim Gleason (CHI) for Roughing (Minor) at 2:47, Tyler Kennedy (CHI) for Interference (Minor) at 7:47, Keith Yandle (DET) for Tripping (Minor) at 10:54, Brian Campbell (DET) for Holding (Minor) at 13:04, Tyler Kennedy (CHI) for Hooking (Minor) at 15:13

Goalie Stats

Cristobal Huet (CHI), 23 saves from 26 shots - (0.885), L, 5-6-2, 60:00 minutes
Craig Anderson (DET), 9 saves from 10 shots - (0.900), W, 11-4-1, 60:00 minutes

Players Stats

BlackHawks
Player Name              G  A  P  +/- PIM S  H  SB FO    MP 
------------------------------------------------------------
Adam Foote               0  0  0  -1  4   1  3  0  0/0   18 
Artem Anisimov           0  0  0   0  0   0  0  0  6/13  10 
Chris Neil               0  0  0  -1  0   1  1  0  2/4   18 
Donald Brashear          0  0  0   0  0   0  0  0  0/0   2  
Hal Gill                 0  0  0  -1  0   0  0  1  0/0   18 
John Erskine             0  0  0   0  6   1  5  2  0/0   19 
Josh Bailey              0  0  0   0  2   0  0  0  1/5   17 
Mattias Ohlund           0  0  0   0  0   0  3  1  0/0   21 
Patrick Kane             0  1  1   0  0   1  0  0  1/3   16 
Patrick Sharp            0  1  1   0  0   0  1  0  0/0   22 
Paul Kariya              0  0  0  -1  0   1  0  0  0/2   11 
Petr Sykora              0  0  0   0  0   0  0  0  0/0   8  
Ron Hainsey              0  0  0   0  0   1  0  1  0/0   21 
Samuel Pahlsson          0  0  0   0  0   0  2  0  14/24 20 
Tim Gleason              1  0  1   0  6   2  3  3  0/0   21 
Tyler Kennedy            0  0  0   0  4   2  4  0  0/1   16 
Wayne Primeau            0  0  0  -1  0   0  0  3  5/17  17 
Zenon Konopka            0  0  0   0  5   0  2  0  1/6   6  
RedWings
Player Name              G  A  P  +/- PIM S  H  SB FO    MP 
------------------------------------------------------------
Brendan Witt             0  0  0   0  0   0  3  1  0/0   15 
Brett Clark              0  0  0   0  0   2  1  0  0/0   21 
Brian Campbell           0  1  1   1  2   1  2  0  0/0   21 
Colin White              0  0  0   0  0   0  2  2  0/0   19 
Jean-Pierre Dumont       0  0  0   0  0   0  1  0  0/2   18 
Keith Yandle             0  0  0   1  2   2  0  1  0/0   21 
Kris Draper              0  0  0   0  0   1  1  1  0/0   11 
Marty Reasoner           0  0  0   0  0   0  0  0  5/10  12 
Matt Moulson             0  0  0   0  0   1  3  0  2/2   12 
Mike Cammalleri          0  1  1   1  0   4  0  0  1/2   21 
Nate Thompson            0  0  0   0  2   0  1  1  8/11  8  
Niclas Bergfors          0  0  0   0  0   2  0  0  0/0   7  
Paul Martin              0  0  0   0  0   1  0  0  0/0   20 
Pavol Demitra            0  0  0   0  0   3  0  1  0/0   9  
Ray Whitney              0  0  0   0  0   2  0  0  2/2   20 
Ryan Getzlaf             1  1  2   1  5   2  1  1  12/21 18 
Travis Zajac             1  0  1   0  0   2  0  0  13/23 19 
Zach Parise              1  1  2   1  0   3  6  1  2/2   23 

3 Stars

1 - Zach Parise (DET)
2 - Travis Zajac (DET)
3 - Ryan Getzlaf (DET)

Power Play

BlackHawks - 1 on 3 Attempt(s) - 33.33%
RedWings - 2 on 11 Attempt(s) - 18.18%

Penalty Kill

BlackHawks - 9 on 11 Attempt(s) - 81.82% - Score 0 goal in Penalty Kill
RedWings - 2 on 3 Attempt(s) - 66.67% - Score 0 goal in Penalty Kill

Game Notes

Ryan Getzlaf and Zenon Konopka fight to a draw at 7:07 of 2nd period
Brendan Witt is injured at 18:46 of 3rd period (Upper Body)

Finance

Level 1 -- Attendance: 6500 (100.00%) -- Ticket Income $520,000.00
Level 2 -- Attendance: 5000 (100.00%) -- Ticket Income $225,000.00
Level 3 -- Attendance: 3500 (100.00%) -- Ticket Income $105,000.00
Level 4 -- Attendance: 2773 (68.20%) -- Ticket Income $41,595.00
Luxury Box -- Attendance: 1000 (100.00%) -- Ticket Income $150,000.00
Game was played at the Joe Louis Arena
Total Attendance: 18773 (93.56%)
Total Ticket Income: $1,108,773.00
Other Income: $207,713.40
Total Income: $1,316,485.00


Play by Play

Period #1

0:01 of 1st period - Artem Anisimov wins face-off versus Travis Zajac in neutral zone.
0:06 of 1st period - Shot by Patrick Kane.
0:06 of 1st period - Stopped by Craig Anderson without a rebound.
0:07 of 1st period - Samuel Pahlsson wins face-off versus Ryan Getzlaf in RedWings zone.
1:35 of 1st period - Shot by Colin White.
1:35 of 1st period - Shot Blocked by Mattias Ohlund.
2:36 of 1st period - Icing by Hal Gill.
2:37 of 1st period - Ryan Getzlaf wins face-off versus Chris Neil in BlackHawks zone.
2:42 of 1st period - Shot by Mike Cammalleri.
2:42 of 1st period - Stopped by Cristobal Huet with a rebound.
2:44 of 1st period - Shot by Ryan Getzlaf.
2:44 of 1st period - Shot Blocked by Wayne Primeau.
2:46 of 1st period - Shot by Zach Parise.
2:46 of 1st period - Goal by Zach Parise - BlackHawks : 0 - RedWings : 1.
2:47 of 1st period - Travis Zajac wins face-off versus Zenon Konopka in neutral zone.
2:47 of 1st period - Travis Zajac is hit by Zenon Konopka.
2:56 of 1st period - Jean-Pierre Dumont is hit by Mattias Ohlund.
3:13 of 1st period - Travis Zajac is hit by Tim Gleason and loses puck.
3:19 of 1st period - Travis Zajac is hit by Mattias Ohlund and loses puck.
4:05 of 1st period - Minor Penalty to John Erskine for Slashing.
4:06 of 1st period - Ryan Getzlaf wins face-off versus Samuel Pahlsson in BlackHawks zone.
4:19 of 1st period - Shot by Brian Campbell.
4:19 of 1st period - Stopped by Cristobal Huet without a rebound.
4:20 of 1st period - Chris Neil wins face-off versus Travis Zajac in BlackHawks zone.
4:20 of 1st period - Chris Neil is hit by Jean-Pierre Dumont.
5:03 of 1st period - Shot by Brian Campbell.
5:03 of 1st period - Shot Blocked by Wayne Primeau.
5:05 of 1st period - Shot by Mike Cammalleri.
5:05 of 1st period - Stopped by Cristobal Huet with a rebound.
5:07 of 1st period - Shot by Paul Martin.
5:07 of 1st period - Shot Blocked by Wayne Primeau.
5:09 of 1st period - Shot by Ryan Getzlaf.
5:09 of 1st period - Shot Misses the Net.
5:11 of 1st period - Shot by Paul Martin.
5:11 of 1st period - Shot Misses the Net.
5:13 of 1st period - Shot by Ryan Getzlaf.
5:13 of 1st period - Shot Misses the Net.
5:15 of 1st period - Shot by Paul Martin.
5:15 of 1st period - Stopped by Cristobal Huet without a rebound.
5:16 of 1st period - Travis Zajac wins face-off versus Wayne Primeau in BlackHawks zone.
5:17 of 1st period - Shot by Zach Parise.
5:17 of 1st period - Deflect By Travis Zajac.
5:17 of 1st period - Goal by Travis Zajac - BlackHawks : 0 - RedWings : 2.
5:18 of 1st period - Samuel Pahlsson wins face-off versus Marty Reasoner in neutral zone.
5:24 of 1st period - Tyler Kennedy is hit by Brendan Witt and loses puck.
5:31 of 1st period - Shot by Tyler Kennedy.
5:31 of 1st period - Stopped by Craig Anderson without a rebound.
5:32 of 1st period - Nate Thompson wins face-off versus Wayne Primeau in RedWings zone.
5:54 of 1st period - Paul Kariya is hit by Kris Draper and loses puck.
5:59 of 1st period - Hal Gill is hit by Nate Thompson and loses puck.
6:34 of 1st period - Icing by Nate Thompson.
6:35 of 1st period - Artem Anisimov wins face-off versus Nate Thompson in RedWings zone.
7:07 of 1st period - Shot by Travis Zajac.
7:07 of 1st period - Shot Misses the Net.
7:11 of 1st period - Shot by Ray Whitney.
7:11 of 1st period - Shot Misses the Net.
7:13 of 1st period - Shot by Travis Zajac.
7:13 of 1st period - Deflect By Ray Whitney.
7:13 of 1st period - Shot Misses the Net.
8:14 of 1st period - Shot by Zach Parise.
8:14 of 1st period - Shot Misses the Net.
8:19 of 1st period - Icing by John Erskine.
8:20 of 1st period - Samuel Pahlsson wins face-off versus Marty Reasoner in BlackHawks zone.
8:41 of 1st period - Paul Kariya is hit by Matt Moulson and loses puck.
8:49 of 1st period - Minor Penalty to Adam Foote for Slashing.
8:50 of 1st period - Chris Neil wins face-off versus Travis Zajac in BlackHawks zone.
9:00 of 1st period - Off-side.
9:01 of 1st period - Ryan Getzlaf wins face-off versus Samuel Pahlsson in neutral zone.
10:01 of 1st period - Zach Parise is hit by John Erskine and loses puck.
10:18 of 1st period - Minor Penalty to Josh Bailey for Interference.
10:19 of 1st period - Ryan Getzlaf wins face-off versus Patrick Kane in BlackHawks zone.
10:26 of 1st period - Shot by Ryan Getzlaf.
10:26 of 1st period - Shot Blocked by Ron Hainsey.
12:23 of 1st period - Shot by Pavol Demitra.
12:23 of 1st period - Deflect By Niclas Bergfors.
12:23 of 1st period - Stopped by Cristobal Huet without a rebound.
12:24 of 1st period - Nate Thompson wins face-off versus Zenon Konopka in BlackHawks zone.
12:34 of 1st period - Minor Penalty to Nate Thompson for Holding.
12:35 of 1st period - Ray Whitney wins face-off versus Josh Bailey in RedWings zone.
13:08 of 1st period - Shot by Ron Hainsey.
13:08 of 1st period - Shot Blocked by Kris Draper.
13:40 of 1st period - Shot by Tim Gleason.
13:40 of 1st period - Goal by Tim Gleason - BlackHawks : 1 - RedWings : 2.
13:41 of 1st period - Travis Zajac wins face-off versus Samuel Pahlsson in neutral zone.
14:04 of 1st period - Shot by Tyler Kennedy.
14:04 of 1st period - Shot Misses the Net.
14:08 of 1st period - Shot by Samuel Pahlsson.
14:08 of 1st period - Shot Misses the Net.
14:10 of 1st period - Shot by Samuel Pahlsson.
14:10 of 1st period - Shot Misses the Net.
15:26 of 1st period - Shot by Zach Parise.
15:26 of 1st period - Shot Blocked by Tim Gleason.
15:32 of 1st period - Shot by Mike Cammalleri.
15:32 of 1st period - Shot Misses the Net.
16:03 of 1st period - Tyler Kennedy is hit by Brendan Witt and loses puck.
16:08 of 1st period - Shot by Tyler Kennedy.
16:08 of 1st period - Stopped by Craig Anderson without a rebound.
16:09 of 1st period - Travis Zajac wins face-off versus Samuel Pahlsson in RedWings zone.
16:09 of 1st period - Travis Zajac is hit by Samuel Pahlsson.
16:38 of 1st period - Josh Bailey is hit by Colin White and loses puck.
16:56 of 1st period - Off-side.
16:57 of 1st period - Wayne Primeau wins face-off versus Ryan Getzlaf in neutral zone.
17:35 of 1st period - Off-side.
17:36 of 1st period - Nate Thompson wins face-off versus Zenon Konopka in neutral zone.
18:00 of 1st period - Shot by Zenon Konopka.
18:00 of 1st period - Shot Misses the Net.
19:11 of 1st period - Shot by Ray Whitney.
19:11 of 1st period - Shot Misses the Net.
19:15 of 1st period - Shot by Ray Whitney.
19:15 of 1st period - Stopped by Cristobal Huet without a rebound.
19:16 of 1st period - Wayne Primeau wins face-off versus Ryan Getzlaf in BlackHawks zone.

Period #2

0:01 of 2nd period - Artem Anisimov wins face-off versus Jean-Pierre Dumont in neutral zone.
0:10 of 2nd period - Shot by Tim Gleason.
0:10 of 2nd period - Stopped by Craig Anderson without a rebound.
0:11 of 2nd period - Samuel Pahlsson wins face-off versus Ryan Getzlaf in RedWings zone.
0:22 of 2nd period - Shot by Tyler Kennedy.
0:22 of 2nd period - Shot Blocked by Ryan Getzlaf.
0:59 of 2nd period - Brian Campbell is hit by Tyler Kennedy and loses puck.
2:16 of 2nd period - Shot by Paul Kariya.
2:16 of 2nd period - Stopped by Craig Anderson without a rebound.
2:17 of 2nd period - Nate Thompson wins face-off versus Zenon Konopka in RedWings zone.
2:28 of 2nd period - Shot by Pavol Demitra.
2:28 of 2nd period - Stopped by Cristobal Huet without a rebound.
2:29 of 2nd period - Samuel Pahlsson wins face-off versus Marty Reasoner in BlackHawks zone.
2:29 of 2nd period - Samuel Pahlsson is hit by Matt Moulson.
2:44 of 2nd period - Tyler Kennedy is hit by Brendan Witt and loses puck.
3:30 of 2nd period - Icing by Chris Neil.
3:31 of 2nd period - Wayne Primeau wins face-off versus Travis Zajac in BlackHawks zone.
3:39 of 2nd period - Icing by Colin White.
3:40 of 2nd period - Travis Zajac wins face-off versus Artem Anisimov in RedWings zone.
4:36 of 2nd period - Ryan Getzlaf is hit by John Erskine and loses puck.
4:43 of 2nd period - Ryan Getzlaf is hit by Tyler Kennedy and loses puck.
5:20 of 2nd period - Paul Martin is hit by Samuel Pahlsson and loses puck.
6:36 of 2nd period - Shot by Travis Zajac.
6:36 of 2nd period - Stopped by Cristobal Huet with a rebound.
6:38 of 2nd period - Shot by Brett Clark.
6:38 of 2nd period - Shot Blocked by Tim Gleason.
7:07 of 2nd period - Ryan Getzlaf and Zenon Konopka fight to a draw.
7:07 of 2nd period - Penalty to Ryan Getzlaf for Fighting.
7:07 of 2nd period - Penalty to Zenon Konopka for Fighting.
7:08 of 2nd period - Matt Moulson wins face-off versus Tyler Kennedy in neutral zone.
7:41 of 2nd period - Minor Penalty to John Erskine for Tripping.
7:42 of 2nd period - Samuel Pahlsson wins face-off versus Marty Reasoner in BlackHawks zone.
7:42 of 2nd period - Samuel Pahlsson is hit by Colin White.
8:33 of 2nd period - Icing by Travis Zajac.
8:34 of 2nd period - Travis Zajac wins face-off versus Wayne Primeau in RedWings zone.
8:45 of 2nd period - Shot by Zach Parise.
8:45 of 2nd period - Shot Blocked by Tim Gleason.
8:47 of 2nd period - Shot by Brett Clark.
8:47 of 2nd period - Stopped by Cristobal Huet without a rebound.
8:48 of 2nd period - Travis Zajac wins face-off versus Wayne Primeau in BlackHawks zone.
9:43 of 2nd period - Shot by Mike Cammalleri.
9:43 of 2nd period - Shot Misses the Net.
9:47 of 2nd period - Shot by Kris Draper.
9:47 of 2nd period - Stopped by Cristobal Huet without a rebound.
9:48 of 2nd period - Nate Thompson wins face-off versus Patrick Kane in BlackHawks zone.
9:54 of 2nd period - Nate Thompson is hit by John Erskine and loses puck.
10:05 of 2nd period - Paul Martin is hit by Tyler Kennedy.
10:09 of 2nd period - Shot by Brendan Witt.
10:09 of 2nd period - Shot Misses the Net.
10:11 of 2nd period - Shot by Paul Martin.
10:11 of 2nd period - Shot Misses the Net.
10:13 of 2nd period - Shot by Nate Thompson.
10:13 of 2nd period - Shot Misses the Net.
10:15 of 2nd period - Shot by Kris Draper.
10:15 of 2nd period - Shot Blocked by John Erskine.
10:19 of 2nd period - Shot by Pavol Demitra.
10:19 of 2nd period - Stopped by Cristobal Huet without a rebound.
10:20 of 2nd period - Samuel Pahlsson wins face-off versus Travis Zajac in BlackHawks zone.
10:30 of 2nd period - Patrick Sharp is hit by Brett Clark and loses puck.
11:02 of 2nd period - Travis Zajac is hit by Adam Foote and loses puck.
11:08 of 2nd period - Off-side.
11:09 of 2nd period - Matt Moulson wins face-off versus Chris Neil in neutral zone.
11:09 of 2nd period - Matt Moulson is hit by Chris Neil.
11:13 of 2nd period - Wayne Primeau is hit by Zach Parise.
11:16 of 2nd period - Paul Kariya is hit by Zach Parise.
11:29 of 2nd period - Paul Kariya is hit by Brian Campbell and loses puck.
11:39 of 2nd period - Minor Penalty to Adam Foote for Interference.
11:40 of 2nd period - Nate Thompson wins face-off versus Samuel Pahlsson in BlackHawks zone.
11:47 of 2nd period - Shot by Brendan Witt.
11:47 of 2nd period - Shot Misses the Net.
11:48 of 2nd period - Minor Penalty to John Erskine for Hooking.
11:49 of 2nd period - Zach Parise wins face-off versus Wayne Primeau in BlackHawks zone.
12:17 of 2nd period - Off-side.
12:18 of 2nd period - Samuel Pahlsson wins face-off versus Travis Zajac in neutral zone.
12:29 of 2nd period - Samuel Pahlsson is hit by Zach Parise and loses puck.
14:12 of 2nd period - Shot by Marty Reasoner.
14:12 of 2nd period - Shot Misses the Net.
14:19 of 2nd period - Niclas Bergfors is hit by John Erskine and loses puck.
14:33 of 2nd period - Minor Penalty to Tim Gleason for Roughing.
14:34 of 2nd period - Patrick Kane wins face-off versus Mike Cammalleri in BlackHawks zone.
15:13 of 2nd period - Shot by Keith Yandle.
15:13 of 2nd period - Shot Blocked by John Erskine.
15:27 of 2nd period - Shot by Keith Yandle.
15:27 of 2nd period - Deflect By Zach Parise.
15:27 of 2nd period - Stopped by Cristobal Huet without a rebound.
15:28 of 2nd period - Samuel Pahlsson wins face-off versus Travis Zajac in BlackHawks zone.
15:57 of 2nd period - Shot by Zach Parise.
15:57 of 2nd period - Stopped by Cristobal Huet with a rebound.
16:40 of 2nd period - Shot by Niclas Bergfors.
16:40 of 2nd period - Stopped by Cristobal Huet without a rebound.
16:41 of 2nd period - Nate Thompson wins face-off versus Zenon Konopka in BlackHawks zone.
17:30 of 2nd period - Shot by Ray Whitney.
17:30 of 2nd period - Shot Misses the Net.
19:09 of 2nd period - Shot by Adam Foote.
19:09 of 2nd period - Stopped by Craig Anderson with a rebound.
19:13 of 2nd period - Shot by Chris Neil.
19:13 of 2nd period - Shot Misses the Net.
19:36 of 2nd period - Icing by Tyler Kennedy.
19:37 of 2nd period - Samuel Pahlsson wins face-off versus Jean-Pierre Dumont in BlackHawks zone.
19:46 of 2nd period - Shot by Josh Bailey.
19:46 of 2nd period - Shot Blocked by Colin White.
19:48 of 2nd period - Shot by Ron Hainsey.
19:48 of 2nd period - Stopped by Craig Anderson without a rebound.
19:49 of 2nd period - Artem Anisimov wins face-off versus Ryan Getzlaf in RedWings zone.
19:54 of 2nd period - Shot by Patrick Sharp.
19:54 of 2nd period - Shot Blocked by Zach Parise.

Period #3

0:01 of 3rd period - Travis Zajac wins face-off versus Artem Anisimov in neutral zone.
0:11 of 3rd period - Shot by Ray Whitney.
0:11 of 3rd period - Deflect By Travis Zajac.
0:11 of 3rd period - Shot Misses the Net.
0:13 of 3rd period - Shot by Travis Zajac.
0:13 of 3rd period - Deflect By Jean-Pierre Dumont.
0:13 of 3rd period - Shot Misses the Net.
0:23 of 3rd period - Shot by Jean-Pierre Dumont.
0:23 of 3rd period - Shot Misses the Net.
0:25 of 3rd period - Shot by Brett Clark.
0:25 of 3rd period - Stopped by Cristobal Huet without a rebound.
0:26 of 3rd period - Ryan Getzlaf wins face-off versus Samuel Pahlsson in BlackHawks zone.
0:29 of 3rd period - Shot by Mike Cammalleri.
0:29 of 3rd period - Stopped by Cristobal Huet without a rebound.
0:30 of 3rd period - Ryan Getzlaf wins face-off versus Paul Kariya in BlackHawks zone.
0:45 of 3rd period - Zach Parise is hit by Adam Foote and loses puck.
1:13 of 3rd period - Off-side.
1:14 of 3rd period - Travis Zajac wins face-off versus Artem Anisimov in neutral zone.
1:16 of 3rd period - Ray Whitney is hit by Mattias Ohlund and loses puck.
1:32 of 3rd period - Minor Penalty to Tim Gleason for Tripping.
1:33 of 3rd period - Ryan Getzlaf wins face-off versus Samuel Pahlsson in BlackHawks zone.
1:34 of 3rd period - Shot by Brian Campbell.
1:34 of 3rd period - Deflect By Ryan Getzlaf.
1:34 of 3rd period - Goal by Ryan Getzlaf - BlackHawks : 1 - RedWings : 3.
1:35 of 3rd period - Marty Reasoner wins face-off versus Samuel Pahlsson in neutral zone.
2:06 of 3rd period - Shot by Matt Moulson.
2:06 of 3rd period - Stopped by Cristobal Huet without a rebound.
2:07 of 3rd period - Travis Zajac wins face-off versus Artem Anisimov in BlackHawks zone.
2:11 of 3rd period - Ray Whitney is hit by Tim Gleason and loses puck.
2:15 of 3rd period - Icing by Mattias Ohlund.
2:16 of 3rd period - Artem Anisimov wins face-off versus Ryan Getzlaf in BlackHawks zone.
2:16 of 3rd period - Artem Anisimov is hit by Zach Parise.
2:42 of 3rd period - Tim Gleason is hit by Brian Campbell.
2:47 of 3rd period - Minor Penalty to Tim Gleason for Roughing.
2:48 of 3rd period - Samuel Pahlsson wins face-off versus Travis Zajac in BlackHawks zone.
3:03 of 3rd period - Shot by Keith Yandle.
3:03 of 3rd period - Stopped by Cristobal Huet without a rebound.
3:04 of 3rd period - Ryan Getzlaf wins face-off versus Samuel Pahlsson in BlackHawks zone.
3:13 of 3rd period - Shot by Ryan Getzlaf.
3:13 of 3rd period - Shot Misses the Net.
3:17 of 3rd period - Shot by Mike Cammalleri.
3:17 of 3rd period - Stopped by Cristobal Huet without a rebound.
3:18 of 3rd period - Travis Zajac wins face-off versus Wayne Primeau in BlackHawks zone.
4:19 of 3rd period - Shot by Ray Whitney.
4:19 of 3rd period - Stopped by Cristobal Huet without a rebound.
4:20 of 3rd period - Ryan Getzlaf wins face-off versus Wayne Primeau in BlackHawks zone.
4:20 of 3rd period - Ryan Getzlaf is hit by John Erskine.
5:35 of 3rd period - Icing by Brendan Witt.
5:36 of 3rd period - Marty Reasoner wins face-off versus Wayne Primeau in RedWings zone.
5:46 of 3rd period - Icing by Paul Kariya.
5:47 of 3rd period - Travis Zajac wins face-off versus Wayne Primeau in BlackHawks zone.
6:18 of 3rd period - Icing by Adam Foote.
6:19 of 3rd period - Wayne Primeau wins face-off versus Nate Thompson in BlackHawks zone.
6:38 of 3rd period - Shot by Pavol Demitra.
6:38 of 3rd period - Stopped by Cristobal Huet without a rebound.
6:39 of 3rd period - Zenon Konopka wins face-off versus Ryan Getzlaf in BlackHawks zone.
6:39 of 3rd period - Zenon Konopka is hit by Ryan Getzlaf.
6:45 of 3rd period - Brian Campbell is hit by Zenon Konopka and loses puck.
7:47 of 3rd period - Minor Penalty to Tyler Kennedy for Interference.
7:48 of 3rd period - Samuel Pahlsson wins face-off versus Travis Zajac in BlackHawks zone.
8:11 of 3rd period - Zach Parise is hit by Adam Foote and loses puck.
9:34 of 3rd period - Icing by Mike Cammalleri.
9:35 of 3rd period - Samuel Pahlsson wins face-off versus Ryan Getzlaf in RedWings zone.
10:35 of 3rd period - Off-side.
10:36 of 3rd period - Travis Zajac wins face-off versus Wayne Primeau in neutral zone.
10:43 of 3rd period - Icing by Wayne Primeau.
10:44 of 3rd period - Ryan Getzlaf wins face-off versus Paul Kariya in BlackHawks zone.
10:45 of 3rd period - Shot by Zach Parise.
10:45 of 3rd period - Deflect By Ryan Getzlaf.
10:45 of 3rd period - Stopped by Cristobal Huet without a rebound.
10:46 of 3rd period - Ryan Getzlaf wins face-off versus Samuel Pahlsson in BlackHawks zone.
10:54 of 3rd period - Minor Penalty to Keith Yandle for Tripping.
10:55 of 3rd period - Marty Reasoner wins face-off versus Artem Anisimov in RedWings zone.
11:04 of 3rd period - Marty Reasoner is hit by Patrick Sharp and loses puck.
12:03 of 3rd period - Brendan Witt is hit by Tyler Kennedy.
12:23 of 3rd period - Off-side.
12:24 of 3rd period - Mike Cammalleri wins face-off versus Josh Bailey in neutral zone.
12:32 of 3rd period - Ron Hainsey is hit by Zach Parise and loses puck.
12:39 of 3rd period - Shot by John Erskine.
12:39 of 3rd period - Stopped by Craig Anderson without a rebound.
12:40 of 3rd period - Artem Anisimov wins face-off versus Marty Reasoner in RedWings zone.
13:04 of 3rd period - Minor Penalty to Brian Campbell for Holding.
13:05 of 3rd period - Nate Thompson wins face-off versus Artem Anisimov in RedWings zone.
13:18 of 3rd period - Shot by Patrick Sharp.
13:18 of 3rd period - Shot Misses the Net.
13:20 of 3rd period - Shot by Patrick Kane.
13:20 of 3rd period - Deflect By Patrick Sharp.
13:20 of 3rd period - Shot Blocked by Nate Thompson.
13:22 of 3rd period - Shot by Patrick Kane.
13:22 of 3rd period - Shot Misses the Net.
13:31 of 3rd period - Icing by John Erskine.
13:32 of 3rd period - Marty Reasoner wins face-off versus Artem Anisimov in BlackHawks zone.
13:58 of 3rd period - Icing by Ron Hainsey.
13:59 of 3rd period - Josh Bailey wins face-off versus Nate Thompson in BlackHawks zone.
14:11 of 3rd period - Icing by Adam Foote.
14:12 of 3rd period - Marty Reasoner wins face-off versus Josh Bailey in BlackHawks zone.
14:55 of 3rd period - Shot by Chris Neil.
14:55 of 3rd period - Shot Blocked by Colin White.
14:59 of 3rd period - Shot by Patrick Kane.
14:59 of 3rd period - Deflect By Chris Neil.
14:59 of 3rd period - Stopped by Craig Anderson without a rebound.
15:00 of 3rd period - Zach Parise wins face-off versus Josh Bailey in RedWings zone.
15:13 of 3rd period - Minor Penalty to Tyler Kennedy for Hooking.
15:14 of 3rd period - Ray Whitney wins face-off versus Wayne Primeau in BlackHawks zone.
15:56 of 3rd period - Samuel Pahlsson is hit by Zach Parise and loses puck.
16:21 of 3rd period - Shot by Keith Yandle.
16:21 of 3rd period - Stopped by Cristobal Huet with a rebound.
16:25 of 3rd period - Shot by Zach Parise.
16:25 of 3rd period - Deflect By Travis Zajac.
16:25 of 3rd period - Shot Blocked by Hal Gill.
16:40 of 3rd period - Icing by Ray Whitney.
16:41 of 3rd period - Wayne Primeau wins face-off versus Ryan Getzlaf in RedWings zone.
16:58 of 3rd period - Icing by Colin White.
16:59 of 3rd period - Ryan Getzlaf wins face-off versus Wayne Primeau in RedWings zone.
17:38 of 3rd period - Shot by Tyler Kennedy.
17:38 of 3rd period - Shot Misses the Net.
17:40 of 3rd period - Shot by Tyler Kennedy.
17:40 of 3rd period - Shot Blocked by Keith Yandle.
17:46 of 3rd period - Shot by Patrick Kane.
17:46 of 3rd period - Shot Blocked by Pavol Demitra.
17:58 of 3rd period - Tim Gleason is hit by Matt Moulson and loses puck.
18:46 of 3rd period - Shot by Tyler Kennedy.
18:46 of 3rd period - Shot Blocked by Brendan Witt.
18:46 of 3rd period - Brendan Witt from RedWings is injured at 18:46 of 3rd period (Upper Body).
18:47 of 3rd period - Samuel Pahlsson wins face-off versus Travis Zajac in RedWings zone.
19:08 of 3rd period - Shot by Ron Hainsey.
19:08 of 3rd period - Shot Misses the Net.
19:53 of 3rd period - Brian Campbell is hit by Tim Gleason and loses puck.


Output by the SimonT Hockey Simulator (STHS) for Stephane Roy -- Original Page W3C XHTML 1.0 Valid